Map: Мороз РВ

Players

IlyaRandom - Winner!

  • Race: Zerg Zerg

ИИ 1 (знаток)

  • Race: Protoss Protoss

VOD

Have the link to the VOD?

Description

Time

  • Played on: Sept. 27, 2016, 2:28 p.m.
  • Length: 10:30
Show
View Real Time Build Order
Export as new Build Order

IlyaRandom Zerg - Winner!

Build Orders: Hatch First 

Get SALT Encoding   

  12  0:02  Drone  
  13  0:16  Overlord  
  13  0:28  Drone  
  14  0:35  Drone  
  14  0:36  Drone  
  14  0:40  Drone  
  17  0:58  Hatchery  
  16  1:08  Extractor  
  15  1:14  Spawning Pool  
  14  1:21  Drone  
  15  1:25  Drone  
  15  1:27  Drone  
  17  1:34  Drone  
  18  1:45  Drone  
  19  1:56  Overlord  
  19  2:05  Drone  
  20  2:16  Drone  
  21  2:24  Queen x2  
  25  2:32  Drone x2  
  25  2:33  Drone  
  25  2:34  Drone  
  29  2:43  Zergling x2  
  30  2:54  Zergling x2  
  30  2:55  Zergling x2  
  32  3:02  Metabolic Boost  
  32  3:29  Drone x2  
  32  3:31  Drone  
  35  3:34  Overlord x2  
  35  3:48  Roach Warren  
  34  3:53  Drone x4  
  34  3:54  Drone  
  39  3:56  Drone  
  39  3:57  Drone  
  41  4:06  Extractor  
  40  4:22  Queen  
  42  4:30  Roach x2  
  42  4:31  Roach x2  
  50  4:34  Drone x2  
  52  4:55  Extractor  
  51  5:02  Evolution Chamber  
  51  5:04  Lair  
  50  5:29  Zerg Missile Weapons Level 1  
  50  5:41  Zergling x2  
  50  5:42  Zergling x2  
  52  5:45  Overlord x9  
  52  6:12  Hatchery  
  51  6:25  Roach x14  
  79  6:33  Extractor  
  73  7:29  Zerg Missile Weapons Level 2  
  73  7:30  Glial Reconstitution  
  73  7:31  Hydralisk Den  
  72  7:39  Drone  
  72  7:40  Drone x12  
  85  8:04  Hydralisk x13  
  111  8:16  Muscular Augments  
  111  8:22  Queen  
  111  8:25  Queen  
  115  8:35  Overlord x3  
  115  8:46  Infestation Pit  
  114  8:59  Burrow  
  108  9:22  Roach x7  
  108  9:23  Roach x11  
Show
View Real Time Build Order
Export as new Build Order

ИИ 1 (знаток) Protoss 

Build Orders:  

Get SALT Encoding   

  12  0:01  Probe (Chrono Boost)  
  13  0:11  Probe (Chrono Boost)  
  14  0:19  Pylon  
  14  0:22  Probe (Chrono Boost)  
  15  0:37  Probe (Chrono Boost)  
  15  0:40  Gateway  
  16  0:47  Assimilator  
  16  0:48  Probe (Chrono Boost)  
  17  0:58  Probe (Chrono Boost)  
  17  1:01  Pylon  
  18  1:09  Probe (Chrono Boost)  
  19  1:22  Probe (Chrono Boost)  
  20  1:25  Zealot  
  20  1:30  Cybernetics Core  
  22  1:44  Gateway  
  22  1:45  Assimilator  
  22  2:02  Pylon  
  22  2:04  Adept  
  24  2:19  Warp Gate  
  24  2:29  Stalker  
  24  2:35  Zealot  
  28  2:42  Pylon  
  28  2:57  Adept  
  28  3:03  Adept  
  32  3:19  Pylon  
  32  3:23  Adept  
  34  3:28  Stalker  
  37  3:42  Probe (Chrono Boost)  
  37  3:49  Stalker  
  37  3:53  Probe (Chrono Boost)  
  40  3:58  Stalker  
  40  4:01  Pylon  
  42  4:05  Probe (Chrono Boost)  
  43  4:12  Forge  
  44  4:17  Adept, Probe (Chrono Boost)  
  46  4:29  Probe (Chrono Boost)  
  47  4:36  Adept  
  49  4:40  Probe (Chrono Boost)  
  50  4:53  Zealot  
  52  6:04  Protoss Ground Weapons Level 1  
  52  6:09  Stalker  
  54  6:11  Gateway  
  54  6:13  Photon Cannon  
  54  6:16  Nexus, Sentry, Photon Cannon  
  56  6:19  Robotics Facility  
  56  6:21  Pylon  
  56  6:30  Stalker  
  58  6:34  Twilight Council  
  58  6:39  Stalker  
  60  6:51  Pylon  
  60  6:52  Stalker  
  56  7:01  Zealot  
  56  7:02  Blink  
  56  7:08  Stalker  
  58  7:09  Observer  
  58  7:15  Sentry  
  61  7:22  Zealot  
  63  7:25  Stargate  
  64  7:30  Observer  
  64  7:31  Stalker, Probe (Chrono Boost)  
  64  7:34  Probe (Chrono Boost)  
  64  7:35  Pylon  
  68  7:42  Probe (Chrono Boost)  
  69  7:45  Probe (Chrono Boost)  
  69  7:49  Protoss Ground Armor Level 1  
  70  7:52  Pylon  
  70  7:54  Probe (Chrono Boost)  
  70  7:57  Probe (Chrono Boost)  
  72  8:05  Probe (Chrono Boost)  
  73  8:08  Forge, Probe (Chrono Boost)  
  74  8:16  Probe (Chrono Boost), Photon Cannon  
  74  8:19  Probe (Chrono Boost)  
  77  8:27  Photon Cannon  
  77  8:28  Probe (Chrono Boost)  
  77  8:31  Probe (Chrono Boost)  
  78  8:39  Probe (Chrono Boost)  
  79  9:00  Assimilator  
  79  9:07  Assimilator  
  79  9:08  Stalker  
  79  9:16  Zealot  
  63  9:23  Stalker  
  52  9:25  Probe (Chrono Boost)  
  52  9:30  Stalker  
  48  9:31  Mothership Core (Chrono Boost)  
  48  9:34  Zealot  
  50  9:44  Stalker  
  46  9:50  Probe (Chrono Boost)  
  46  9:52  Stalker  
  24  9:53  Zealot  
  22  10:02  Probe (Chrono Boost)  
  22  10:06  Stalker  
  17  10:14  Adept, Probe (Chrono Boost), Zealot  
Tags
 
Add a new tag
Caveats
  • Supply blocks, unpowered buildings, or Contaminate may cause inaccurate times.
  • Supply counts are checked every 10 seconds.